 Dungeon Crawl Stone Soup version 0.32-a0-834-geaf45d8e21 (webtiles) character file.

Game seed: 3962675530599241190

31 AstroCodex24 the Trooper (level 3, 0/29 HPs)
             Began as a Vampire Fighter on Mar 26, 2024.
             Killed from afar by a goblin (9 damage)
             ... with a puff of flame
             ... on level 4 of the Dungeon.
             The game lasted 00:01:30 (352 turns).

AstroCodex24 the Trooper (Vampire Fighter)           Turns: 352, Time: 00:01:30

Health: 0/29       AC:  6    Str: 17    XL:     3   Next: 7%
Magic:  3/3        EV:  8    Int: 10    God:
Gold:   12         SH:  4    Dex: 13    Spells: 2/2 levels left

rFire   . . .        a - +0 war axe
rCold   . . .        c - +0 buckler
rNeg    . . .        b - +0 scale mail
rPois   .            (no helmet)
rElec   .            (no cloak)
rCorr   .            (no gloves)
SInv    +            (no boots)
Will    .....        (no amulet) Stlth
                     (no ring)
HPRegen 0.44/turn    (no ring)
MPRegen 0.08/turn

%: no passive effects
@: healing quickly
A: alive, fangs 3, see invisible, vampiric 2
a: Exsanguinate


You were on level 4 of the Dungeon.
You visited 1 branch of the dungeon, and saw 4 of its levels.

You collected 12 gold pieces.

Inventory:

Hand Weapons
 a - a +0 war axe (weapon)
Armour
 b - a +0 scale mail (worn)
 c - a +0 buckler (worn)
Scrolls
 f - a scroll of torment {unknown}
 g - 2 scrolls of revelation {unknown}
 h - a scroll of amnesia {unknown}
Potions
 d - a potion of might
 e - a potion of enlightenment {unknown}
 i - a potion of invisibility {unknown}
 j - a potion of lignification {unknown}


   Skills:
 + Level 3.0 Fighting
 + Level 2.1 Axes
 + Level 2.9 Armour
 + Level 2.9 Shields


You had 2 spell levels left.
You didn't know any spells.
Your spell library contained the following spells:

 Spells                   Type           Power      Damage    Failure   Level
 Dazzling Flash           Conj/Hex       0%         N/A       99%         3
 Starburst                Conj/Fire      0%         6d3       100%        6
 Maxwell's Capacitive Co  Air            0%         ∞         100%        8


Dungeon Overview and Level Annotations

Branches:
Dungeon (4/15)
 Temple: D:4-7

Altars:
Vehumet


Innate Abilities, Weirdness & Mutations

Your natural rate of healing is accelerated.
You have razor-sharp teeth.
You have supernaturally acute eyesight. (SInv)
You are afflicted with vampirism and can become a bat while bloodless.


Message History

You see here a hobgoblin corpse.
You see here a hobgoblin corpse.
i - a silvery potion
j - a glowing red potion
Found a book of Spectacle.
An endoplasm comes into view.
Found an escape hatch in the floor.
You hit the endoplasm.
The endoplasm is lightly wounded.
The endoplasm hits you. x2
You slash the endoplasm!
You kill the endoplasm!
You have reached level 3!
Your experience leads to an increase in your attributes!
Increase (S)trength, (I)ntelligence, or (D)exterity?
You feel stronger. x2
You can now turn into a vampire bat when bloodless.
Found a stone staircase leading down.
Found a book of the Hunter.
You pick up a book of Spectacle and begin reading...
You add the spells Dazzling Flash, Starburst and Maxwell's Capacitive Coupling to your library.
An orc comes into view. It is wielding a +0 whip.
The orc shouts!
You slash the orc!
You kill the orc!
Things that are here:
a +0 whip; a +0 ring mail; an orc corpse
Found a radiant altar of Vehumet.
A goblin comes into view. It is carrying a wand of flame.
Found 3 stones.
The goblin shouts!
The goblin zaps a wand.
The puff of flame hits you.
The goblin zaps a wand.
The puff of flame hits you.
The goblin zaps a wand.
The puff of flame hits you!
The goblin zaps a wand.
The puff of flame hits you.
* * * LOW HITPOINT WARNING * * *
Things that are here:
a +0 whip; a +0 ring mail; an orc corpse The goblin zaps a wand.
The puff of flame hits you!
You die...

#........#
#........#
#........#
#........# .
####.:......# .#
............# ##.#
.##.........# #...
.........g..# #..#
##
..#...####@###..#
... ...... #..#.>#
..# #. #(_.#.
##...#######.####.
......
##...............
..# .
####...#.....####.
#..>............#.
#######..######...
##.# ###. #.# ##.


You could see a goblin.

Vanquished Creatures
  An adder (D:2)
  A ribbon worm (D:3)
  A dart slug (D:4)
  An orc (D:4)
  An endoplasm (D:4)
  2 giant cockroaches
  3 goblins
  3 hobgoblins (D:4)
  A ball python (D:4)
  A frilled lizard (D:2)
15 creatures vanquished.

Notes
Turn   | Place    | Note
-------+----------+-------------------------------------------
     0 | D:1      | AstroCodex24 the Vampire Fighter began the quest for the
                  | Orb.
     0 | D:1      | Reached XP level 1. HP: 17/17 MP: 1/1
   226 | D:2      | Reached XP level 2. HP: 18/23 MP: 2/2
   265 | D:4      | Reached skill level 3 in Fighting
   319 | D:4      | Gained mutation: You are afflicted with vampirism and can
                  | become a bat while bloodless. [Vampire growth]
   319 | D:4      | Reached XP level 3. HP: 24/29 MP: 3/3
   339 | D:4      | Found a radiant altar of Vehumet.
   352 | D:4      | Killed from afar by a goblin

Illustrated notes

Levels and vault maps discovered:
D:1:      minmay_arrival_checkered_box, layout_basic
D:2:      layout_loops_ring, grunt_ministairs_1, uniq_natasha
D:3:      layout_loops_cross, jmf_multi_god_temple2, lemuel_round_altar,
          chequers_ecumenical_altar_island, minmay_misc_feat_square,
          uniq_sigmund, uniq_jessica
D:4:      kennysheep_kobold_camp, layout_rooms, vehumet_altar_wand_db,
          grunt_tough_drop, uniq_duvessa, uniq_blork_the_orc

Skill      XL: |  1  2 |
---------------+-------+-----
Axes           | 2 |  2.1
Fighting       | 3 |  3.0
Armour         | |  2.9
Shields        | |  2.9

Action                     || total
---------------------------++-------
  Melee: War axe           ||    36
         Bite              ||     5
 Armour: Scale mail        ||    43
  Dodge: Dodged            ||    20
  Block: Buckler           ||     5

Table legend: (Time is in decaauts)
 A = Elapsed time spent in this place.
 B = Non-inter-level travel time spent in this place.
 C = Inter-level travel time spent in this place.
 D = Time resting spent in this place.
 E = Time spent auto-exploring this place.
 F = Levels seen in this place.
 G = Mean time per level.
                   A        B        C        D        E       F      G
               +--------+--------+--------+--------+--------+-----+--------+
         Total |    366 |    363 |      3 |      0 |      0 |   4 |   91.5 |
       Dungeon |    366 |    363 |      3 |      0 |      0 |   4 |   91.5 |
               +--------+--------+--------+--------+--------+-----+--------+

Top non-repeatable levels by time:
     D:1: 124 daAuts
     D:2: 109 daAuts
     D:4: 107 daAuts
     D:3: 25 daAuts
